Cogmind - Beta 10.2 @@@ ROGUE MODE // 2021.01.28 @ 03:13:24 Player: WayneKnight Result: Self-destructed Performance ------------- Evolutions (5) 2500 Regions Visited (21) 4200 Robots Destroyed (110) 550 Value Destroyed (4027) 4027 Prototype IDs (41) 820 Alien Tech Used (1) 200 Bonus (2408) 2408 TOTAL SCORE: 14705 Bonus ------- High Alert Combat Kills 59 Follower Combat Kills 777 Met Data Miner 300 Met Imprinter 300 Met Warlord at Base 500 MAIN.C Attacked Warlord 500 Friendly Fire -28 Cogmind --------- Core Integrity 620/1000 Matter 15/300 Energy 5/100 System Corruption 0% Temperature Cool (0) Movement Hovering (96) Ox1 Location -5/Warlord Parts ------- > --- POWER (1) -------- (None) > --- PROPULSION (4) --- Combat Gravmag System Combat Gravmag System Cooled Antigrav System Cooled Antigrav System > --- UTILITY (10) ----- High-capacity Storage Unit High-capacity Storage Unit Experimental Signal Interpreter 0b10 Decoder Chip [Generic] Improved Hacking Suite Advanced Hacking Suite Advanced System Shield Improved System Backup Module > --- WEAPON (3) ------- Kinetic Spear > --- INVENTORY (20) --- Micro Fission Core Vortex Chain Reactor Combat Gravmag System Combat Gravmag System Combat Gravmag System Cooled Impulse Thruster Cloaking Device Damper Plating Makeshift System Shield Heavy Neutron Cannon Vortex Catalyst Activator Molecular Deconstructor CR-A16's Pointy Stick Vortex Lance Vortex Lance Peak State ------------ > --- POWER ------------ Angular Momentum Engine > --- PROPULSION ------- Combat Gravmag System Combat Gravmag System Cooled Antigrav System Cooled Antigrav System > --- UTILITY ---------- Fusion Compressor High-capacity Storage Unit High-capacity Storage Unit Experimental Sensor Array Experimental Signal Interpreter 0b10 Decoder Chip [Generic] Improved Hacking Suite Advanced Hacking Suite Advanced System Shield Improved System Backup Module > --- WEAPON ----------- Smartbomb Launcher Kinetic Spear > --- INVENTORY -------- Micro Fission Core Vortex Chain Reactor Combat Gravmag System Combat Gravmag System Combat Gravmag System Cooled Impulse Thruster Makeshift Transmission Jammer Cloaking Device Damper Plating EM Shield Makeshift System Shield Heavy Phase Cannon Heavy Neutron Cannon Molecular Deconstructor CR-A16's Pointy Stick Lance [Rating: 113] Favorites ----------- Power Antimatter Reactor Engine Angular Momentum Engine Power Core Micro Nuclear Core Reactor Antimatter Reactor Propulsion Combat Gravmag System Treads Light Treads Leg Titanium Leg Wheel Armored Huge Wheel Hover Unit Combat Gravmag System Flight Unit Improved VTOL Module Utility High-capacity Storage Unit Device Experimental Sensor Array Storage High-capacity Storage Unit Processor Advanced Signal Interpreter Hackware Improved Hacking Suite Protection Improved Medium Armor Plating Weapon Chainsword Energy Gun Small Laser Energy Cannon Phase Cannon Ballistic Gun Gauss Rifle Launcher Improved Grenade Launcher Slashing Weapon Chainsword Piercing Weapon Kinetic Spear Build | -11 -10 -10 -10 -9 -8 -7 -7 -7 -7 -7 -7 -6 -6 -6 -6 -6 -5 -5 -5 -5 -5 ------- Run | Scr Mat Min Exi Min Mat Fac Was Fac Low Low Zio Pro Fac Low Low Dat Pro Fac Upp Upp War Slots Evolved 10 | . . . . . 4 2 . . . . . . 2 . . . . 2 . . . Power . | . . . . . . . . . . . . . . . . . . . . . . Propulsion 2 | . . . . . 1 1 . . . . . . . . . . . . . . . Utility 8 | . . . . . 3 1 . . . . . . 2 . . . . 2 . . . Weapon . | . . . . . . . . . . . . . . . . . . . . . . Parts Attached 218 | 2 13 1 . 2 32 43 1 27 2 7 11 2 16 5 3 . 1 36 6 5 3 Power 9 | . 1 . . 1 2 2 . 1 . . . . . . . . . 1 1 . . Engine 4 | . 1 . . 1 1 . . . . . . . . . . . . . 1 . . Core 4 | . . . . . 1 2 . . . . . . . . . . . 1 . . . Reactor 1 | . . . . . . . . 1 . . . . . . . . . . . . . Propulsion 46 | . 8 . . . 7 11 1 10 . . 2 . . . . . . 5 . . 2 Treads 9 | . 6 . . . 3 . . . . . . . . . . . . . . . . Leg 9 | . . . . . 4 5 . . . . . . . . . . . . . . . Wheel 2 | . 1 . . . . 1 . . . . . . . . . . . . . . . Hover 23 | . . . . . . 5 1 8 . . 2 . . . . . . 5 . . 2 Flight 3 | . 1 . . . . . . 2 . . . . . . . . . . . . . Utility 99 | 1 2 . . . 10 18 . 12 1 4 7 2 12 1 1 . . 19 4 5 . Device 47 | . . . . . 3 5 . 6 . 3 3 1 5 1 1 . . 10 4 5 . Storage 18 | 1 2 . . . 4 3 . 2 1 . 3 . 2 . . . . . . . . Processor 4 | . . . . . . 1 . 1 . . . . 2 . . . . . . . . Hackware 9 | . . . . . . 1 . 1 . 1 1 1 2 . . . . 2 . . . Protection 21 | . . . . . 3 8 . 2 . . . . 1 . . . . 7 . . . Artifact . | . . . . . . . . . . . . . . . . . . . . . . Weapon 64 | 1 2 1 . 1 13 12 . 4 1 3 2 . 4 4 2 . 1 11 1 . 1 Energy Gun 5 | 1 2 . . . 2 . . . . . . . . . . . . . . . . Energy Cannon 6 | . . . . . . . . . . . . . 1 . . . 1 3 . . 1 Ballistic Gun 13 | . . . . . 8 5 . . . . . . . . . . . . . . . Ballistic Cannon . | . . . . . . . . . . . . . . . . . . . . . . Launcher 12 | . . 1 . 1 . 2 . . 1 1 . . 1 3 1 . . . 1 . . Special Weapon . | . . . . . . . . . . . . . . . . . . . . . . Impact Weapon . | . . . . . . . . . . . . . . . . . . . . . . Slashing Weapon 25 | . . . . . 3 5 . 4 . 2 2 . 2 1 1 . . 5 . . . Piercing Weapon 3 | . . . . . . . . . . . . . . . . . . 3 . . . Special Melee Weapon . | . . . . . . . . . . . . . . . . . . . . . . Unidentified Prototypes 13 | . 1 . . . 6 . . 2 . . 1 . 1 1 . . . . . . 1 Parts Lost 22 | . 1 . . 3 4 2 . 3 . 1 . . . . 2 . . 2 1 . 3 Power 5 | . . . . 1 1 . . . . . . . . . . . . 1 1 . 1 Propulsion 5 | . . . . . 2 1 . 2 . . . . . . . . . . . . . Utility 8 | . . . . . 1 1 . 1 . 1 . . . . 1 . . 1 . . 2 Weapon 4 | . 1 . . 2 . . . . . . . . . . 1 . . . . . . Highest Loss Streak 3 | . 1 . . 3 1 2 . 2 . 1 . . . . 2 . . 1 1 . 3 Average Slot Usage (%) 94 | . 100 100 100 91 88 96 84 90 100 91 99 100 98 92 92 93 93 94 97 94 89 Engine 2 | . 14 14 14 11 8 . . . . . . . . . . . . . 1 5 4 Core 1 | . . . . . . 7 7 5 . . . . . . . . . . 2 . . Reactor 3 | . . . . . . . . 1 7 7 7 7 6 6 6 6 6 4 . . . Treads 2 | . 27 28 28 28 8 . . . . . . . . . . . . . . . . Leg 4 | . . . . . 17 23 . . . . . . . . . . . . . . . Hover 18 | . . . . . . 1 30 29 30 30 30 30 26 25 25 25 25 22 22 22 22 Device 8 | . . . . . 5 6 7 13 7 14 7 7 5 6 5 6 6 11 16 16 15 Storage 15 | . 28 28 28 28 27 22 7 7 14 15 15 15 13 12 12 12 12 11 11 11 11 Processor 7 | . . . . . . 7 7 6 7 7 7 7 12 12 12 12 12 11 11 11 11 Hackware 10 | . . . . . . . 7 13 15 7 14 15 19 19 18 18 18 16 16 16 16 Protection 2 | . . . . . 5 7 7 1 . . . . . . . . . 2 . . . Energy Gun 1 | . 14 14 14 8 6 . . . . . . . . . . . . . . . . Ballistic Gun 1 | . 14 . . . 5 6 . . . . . . . . . . . . . . . Launcher 1 | . . 14 14 14 . . . . . 5 . . . . 5 6 4 . . 5 1 Slashing Weapon 6 | . . . . . 2 7 7 7 14 1 14 15 11 6 6 6 6 7 4 . . Piercing Weapon 1 | . . . . . . . . . . . . . . . . . . 4 10 5 5 Naked Turns . | . . . . . . . . . . . . . . . . . . . . . . Heaviest Build 108 | 14 39 41 41 41 91 108 44 59 72 72 86 86 92 92 93 93 93 106 95 97 96 Greatest Support 100 | 20 40 40 40 40 60 67 58 72 72 72 100 100 100 100 100 100 100 100 100 100 100 Greatest Overweight (x) 27 | . 1 1 1 1 3 3 . 1 . . . . . . . . . 27 . . 1 Average Overweight (x) . | . . 1 1 . . 1 . . . . . . . . . . . . . . . Largest Inventory Capacity 32 | 8 16 16 16 16 24 32 12 18 18 18 20 20 28 20 20 20 20 20 20 20 20 Average Capacity 19 | 6 14 16 16 16 22 23 12 12 17 18 19 20 20 20 20 20 20 20 20 20 20 Most Carried 26 | 6 16 16 16 16 23 26 12 12 18 18 20 20 20 20 20 20 20 20 20 20 20 Average Carried 18 | 6 11 16 16 15 20 23 11 11 14 17 19 19 19 19 18 20 20 19 19 19 19 Final Capacity 24 | 8 16 16 16 16 24 12 12 12 18 18 20 20 20 20 20 20 20 20 20 20 20 Final Carried 23 | 6 16 16 16 14 23 12 12 12 18 18 20 20 20 19 20 20 20 19 19 20 20 Class Distribution -------------------- 53% | Hacker-Mutant 21% | Hauler-Mutant 9% | Scout 6% | Derelict-Mutant 6% | Mutant 3% | Scavenger-Mutant Dominant Class ---------------- Mutant | -10/Materials Scavenger-Mutant | -10/Mines Scavenger-Mutant | -10/Exiles Scavenger-Mutant | -9/Mines Hauler-Mutant | -8/Materials Hauler-Mutant | -7/Factory Mutant | -7/Waste Hacker-Mutant | -7/Factory Hacker-Mutant | -7/Lower Caves Scout | -7/Lower Caves Derelict-Mutant | -7/Zion Derelict-Mutant | -6/Proximity Caves Hacker-Mutant | -6/Factory Hacker-Mutant | -6/Lower Caves Hacker-Mutant | -6/Lower Caves Hacker-Mutant | -6/Data Miner Hacker-Mutant | -5/Proximity Caves Hacker-Mutant | -5/Factory Hacker-Mutant | -5/Upper Caves Hacker-Mutant | -5/Upper Caves Hacker-Mutant | -5/Warlord Resources | -11 -10 -10 -10 -9 -8 -7 -7 -7 -7 -7 -7 -6 -6 -6 -6 -6 -5 -5 -5 -5 -5 ----------- Run | Scr Mat Min Exi Min Mat Fac Was Fac Low Low Zio Pro Fac Low Low Dat Pro Fac Upp Upp War Matter Collected 3622 | 215 175 15 . 17 758 432 170 230 74 118 102 50 160 33 99 . 15 373 390 196 . Remotely . | . . . . . . . . . . . . . . . . . . . . . . Salvage Created 4766 | 98 535 61 . 71 1394 459 305 424 . 51 . . 179 42 30 . 175 518 290 134 . Parts 224 | 1 34 2 . 5 64 28 4 25 . 5 . . 5 2 . . 10 30 3 6 . Haulers Intercepted 6 | . 2 . . . 3 . . . . . . . 1 . . . . . . . . Recyclers Shooed 1 | . 1 . . . . . . . . . . . . . . . . . . . . Parts Field Recycled . | . . . . . . . . . . . . . . . . . . . . . . Retrieved Matter . | . . . . . . . . . . . . . . . . . . . . . . Parts Self-Destructed 146 | . . . . . . . . . 8 8 . 12 . 9 8 . 4 . 2 5 90 Prevented 20 | . . . . . . . . . . . . . . . . . 4 . . 5 11 Kills | -11 -10 -10 -10 -9 -8 -7 -7 -7 -7 -7 -7 -6 -6 -6 -6 -6 -5 -5 -5 -5 -5 ------- Run | Scr Mat Min Exi Min Mat Fac Was Fac Low Low Zio Pro Fac Low Low Dat Pro Fac Upp Upp War Combat Hostiles Destroyed 81 | . 10 5 . 4 24 10 . 6 . 3 . . 1 3 4 . 3 6 1 1 . Melee 34 | . . . . . 10 5 . 6 . . . . 1 1 2 . 1 6 1 1 . Guns 23 | . 10 . . . 11 2 . . . . . . . . . . . . . . . AOE 23 | . . 5 . 4 2 3 . . . 3 . . . 2 2 . 2 . . . . Classes Destroyed 13 | 1 4 . . 1 3 3 . . . . . . . . . . . . 1 . . Worker 2 | . . . . . . 1 . . . . . . 1 . . . . . . . . Builder 3 | . . . . . . 1 . 1 . . . . . . . . . 1 . . . Hauler 6 | . 2 . . . 3 . . . . . . . 1 . . . . . . . . Recycler 3 | 1 . . . . . 1 . 1 . . . . . . . . . . . . . Operator 2 | . . . . . 1 1 . . . . . . . . . . . . . . . Watcher 13 | . 3 . . . 2 . . 2 . . . . 1 . . . . 5 . . . Swarmer 19 | . 3 3 . . 3 . . 1 . 2 . . . 3 4 . . . . . . Grunt 28 | . 7 2 . 3 9 3 . 2 . . . . . . . . 2 . . . . Duelist 2 | . . . . 1 . . . . . . . . . . . . 1 . . . . Sentry 11 | . . . . . 9 2 . . . . . . . . . . . . . . . Hunter 5 | . . . . . 3 . . . . 1 . . . . . . . . 1 . . Programmer 16 | . . . . . . 5 . 3 . . . . 1 . . . . 6 . 1 . Samaritan 2 | . . . . . . . . . . . . . . . . . . . 2 . . Best Kill Streak 7 | 1 3 3 . 2 4 7 . 3 . 2 . . 2 3 4 . 2 1 1 1 . Combat Bots Only 4 | . 3 3 . 2 4 3 . 3 . 2 . . 1 3 4 . 2 1 1 1 . Max Kills in Single Turn 4 | 1 2 2 . 2 1 4 . 1 . 2 . . 1 2 2 . 1 1 1 1 . Gunslinging 1 | . 1 . . . . . . . . . . . . . . . . . . . . Exploded 2 | . . 2 . 2 1 2 . . . 2 . . . 2 2 . 1 . . . . Melee 1 | . . . . . 1 1 . 1 . . . . 1 1 1 . 1 1 1 1 . Uniques/NPCs Destroyed . | . . . . . . . . . . . . . . . . . . . . . . Combat | -11 -10 -10 -10 -9 -8 -7 -7 -7 -7 -7 -7 -6 -6 -6 -6 -6 -5 -5 -5 -5 -5 -------- Run | Scr Mat Min Exi Min Mat Fac Was Fac Low Low Zio Pro Fac Low Low Dat Pro Fac Upp Upp War Damage Taken 7249 | . 431 185 . 164 1971 1045 . 489 . 134 . 15 251 26 330 . 75 1054 239 56 784 Core 1177 | . 93 . . 10 212 152 . 84 . 57 . . 111 . 78 . . 173 34 43 130 Absorbed by Shields . | . . . . . . . . . . . . . . . . . . . . . . Core Remaining (%) 70 | 100 . . . 58 61 . . . . . . 58 . . . . 77 . . . . Volleys Fired 205 | 5 60 7 . 10 70 12 . . . 5 . . 9 1 3 . 17 5 1 . . Largest 2 | 2 2 1 . 1 2 2 . . . 1 . . 1 1 1 . 1 1 1 . . Hottest 98 | 60 70 30 . 33 95 56 . . . 36 . . 30 36 36 . 39 98 46 . . Shots Fired 342 | 10 114 7 . 10 139 21 . . . 5 . . 9 1 3 . 17 5 1 . . Gun 281 | 10 114 . . . 139 18 . . . . . . . . . . . . . . . Cannon 28 | . . . . . . . . . . . . . 9 . . . 14 5 . . . Launcher 33 | . . 7 . 10 . 3 . . . 5 . . . 1 3 . 3 . 1 . . Special . | . . . . . . . . . . . . . . . . . . . . . . Kinetic 189 | 5 60 . . . 106 18 . . . . . . . . . . . . . . . Thermal 87 | 5 54 . . . . . . . . . . . 9 . . . 14 5 . . . Explosive 30 | . . 7 . 10 . 3 . . . 5 . . . 1 3 . . . 1 . . Electromagnetic 36 | . . . . . 33 . . . . . . . . . . . 3 . . . . Robot Hit Streak 32 | 8 12 4 . 3 32 11 . . . 6 . . . . 1 . 4 . 5 . . Robot Miss Streak 5 | 1 4 1 . 2 5 2 . . . . . . . . 2 . . . . . . Penetration Max 1 | . . . . . 1 . . . . . . . . . . . . . . . . Secondary Targets 3 | . 1 . . . 2 . . . . . . . . . . . . . . . . Max Gunslinging Chain 1 | . 1 . . . 1 . . . . . . . . . . . . . . . . Shots Hit Robots 385 | 8 75 6 . 4 145 35 1 25 . 2 . . 13 1 4 . 4 43 13 6 . Core Hits 179 | 2 30 8 . 7 51 22 1 10 . 4 . . 3 4 6 . 6 14 8 3 . Critical Hits 8 | . . . . . 3 . . 2 . . . . 1 . . . . 1 . 1 . Critical Kills 2 | . . . . . . . . 1 . . . . 1 . . . . . . . . Critical Parts Destroyed 6 | . . . . . 3 . . 1 . . . . . . . . . 1 . 1 . Melee Attacks 353 | . . . . . 38 48 1 54 10 4 . . 43 4 9 . 3 119 14 6 . Impact . | . . . . . . . . . . . . . . . . . . . . . . Slashing 281 | . . . . . 38 48 1 54 10 4 . . 43 4 9 . 3 66 1 . . Piercing 72 | . . . . . . . . . . . . . . . . . . 53 13 6 . Sneak Attacks 11 | . . . . . . 1 . 2 . . . . 3 . . . . 1 4 . . Combat Hostiles . | . . . . . . . . . . . . . . . . . . . . . . Follow-up Attacks 25 | . . . . . . 2 . 1 . . . . 3 . . . . 15 4 . . Damage Inflicted 13033 | 77 716 444 . 450 2864 1730 54 1090 . 222 . . 928 167 567 . 285 1914 1020 505 . Guns 2829 | 77 698 . . . 1710 344 . . . . . . . . . . . . . . . Cannons . | . . . . . . . . . . . . . . . . . . . . . . Explosions 2899 | . . 444 . 444 179 565 . . . 222 . . . 108 413 . 240 . 284 . . Melee 7258 | . . . . . 952 821 54 1090 . . . . 928 59 154 . 45 1914 736 505 . Ramming 47 | . 18 . . 6 23 . . . . . . . . . . . . . . . . Kinetic 1909 | 32 263 . . . 1270 344 . . . . . . . . . . . . . . . Thermal 766 | 45 435 . . 49 179 . . . . . . . . . . . 58 . . . . Explosive 2431 | . . 444 . 395 . 565 . . . 222 . . . 108 413 . . . 284 . . Electromagnetic 622 | . . . . . 440 . . . . . . . . . . . 182 . . . . Impact . | . . . . . . . . . . . . . . . . . . . . . . Slashing 5221 | . . . . . 952 821 54 1090 . . . . 928 59 154 . 45 1069 49 . . Piercing 2037 | . . . . . . . . . . . . . . . . . . 845 687 505 . Highest Corruption 6 | . . . . . . 4 4 5 . . . . . . . . . 6 4 . . Average Corruption 2 | . . . . . . 1 4 3 . . . . . . . . . 1 1 . . Corruption Purged 14 | . . . . . . . . 8 . . . . . . . . . 2 4 . . Effects 73 | . . . . . . 10 4 32 . . . . . . . . . 26 1 . . Message Errors 15 | . . . . . . . . 8 . . . . . . . . . 7 . . . Matter Fused 16 | . . . . . . 4 1 5 . . . . . . . . . 6 . . . Heat Flow Errors 13 | . . . . . . 1 1 9 . . . . . . . . . 2 . . . Energy Discharges 13 | . . . . . . 2 . 3 . . . . . . . . . 7 1 . . Data Loss (minor) 11 | . . . . . . 1 2 6 . . . . . . . . . 2 . . . Targeting Errors 5 | . . . . . . 2 . 1 . . . . . . . . . 2 . . . Overload Shots . | . . . . . . . . . . . . . . . . . . . . . . Overflow Damage 1141 | . . 17 . 10 54 122 . 199 . 27 . . 284 . 54 . 3 162 157 52 . Projectiles . | . . . . . . . . . . . . . . . . . . . . . . Explosions 175 | . . 17 . 10 3 27 . . . 27 . . . . 54 . 3 . 34 . . Melee 966 | . . . . . 51 95 . 199 . . . . 284 . . . . 162 123 52 . Knockbacks . | . . . . . . . . . . . . . . . . . . . . . . Impact . | . . . . . . . . . . . . . . . . . . . . . . Kinetic . | . . . . . . . . . . . . . . . . . . . . . . Secondary . | . . . . . . . . . . . . . . . . . . . . . . Self-Inflicted Damage 431 | . . 105 . 39 19 97 . . . 93 . . . . 4 . . . 74 . . Shots 13 | . . 4 . 1 1 2 . . . 3 . . . . 1 . . . 1 . . Rammed 5 | . 4 . . 1 . . . . . . . . . . . . . . . . . Targets Rammed 6 | . 4 . . 1 1 . . . . . . . . . . . . . . . . Kicked 1 | . . . . . 1 . . . . . . . . . . . . . . . . Crushed . | . . . . . . . . . . . . . . . . . . . . . . Highest Temperature 380 | 20 175 5 . 2 99 173 230 380 . . . . . . 6 . 24 105 20 2 2 Average Temperature 33 | 13 52 3 . 1 26 47 118 118 . . . . . . 4 . 13 45 2 2 2 Received Heat Transfer 1134 | . 183 24 . 69 522 192 . 75 . . . . 24 . . . 36 9 . . . Effects 5 | . . . . . . . 3 2 . . . . . . . . . . . . . Energy Bleed 2 | . . . . . . . . 2 . . . . . . . . . . . . . Interference 3 | . . . . . . . 3 . . . . . . . . . . . . . . Siege Activations . | . . . . . . . . . . . . . . . . . . . . . . Robots Corrupted 2 | . . . . . 2 . . . . . . . . . . . . . . . . Combat Hostiles 1 | . . . . . 1 . . . . . . . . . . . . . . . . Parts Fried 4 | . . . . . 4 . . . . . . . . . . . . . . . . Impact Corruptions . | . . . . . . . . . . . . . . . . . . . . . . Robots Melted . | . . . . . . . . . . . . . . . . . . . . . . Combat Hostiles . | . . . . . . . . . . . . . . . . . . . . . . Parts Melted 2 | . 2 . . . . . . . . . . . . . . . . . . . . Heat Transferred 1496 | 100 1046 . . 50 200 . . . . . . . . . . . 100 . . . . Parts Sabotaged . | . . . . . . . . . . . . . . . . . . . . . . Parts Stolen . | . . . . . . . . . . . . . . . . . . . . . . Parts Stripped . | . . . . . . . . . . . . . . . . . . . . . . Power Chain Reactions 4 | . . . . . 3 . . . . . . . . . . . 1 . . . . Missiles Intercepted . | . . . . . . . . . . . . . . . . . . . . . . Alert | -11 -10 -10 -10 -9 -8 -7 -7 -7 -7 -7 -7 -6 -6 -6 -6 -6 -5 -5 -5 -5 -5 ------- Run | Scr Mat Min Exi Min Mat Fac Was Fac Low Low Zio Pro Fac Low Low Dat Pro Fac Upp Upp War Peak Influence 536 | 5 252 141 . 190 536 243 23 409 . . . . 160 . . . . 140 . . . Initial 243 | . 3 19 . . 74 243 23 16 . . . . . . . . . . . . . Average 96 | 1 92 120 . 47 246 69 23 83 . . . . 59 . . . . 39 . . . Maximum Alert Level 2 | . 1 . . . 2 1 . 2 . . . . . . . . . . . . . Low Security (%) 86 | 100 94 100 . 100 47 82 100 90 . . . . 100 . . . . 100 . . . Level 1 10 | . 5 . . . 40 17 . . . . . . . . . . . . . . . Level 2 3 | . . . . . 11 . . 9 . . . . . . . . . . . . . Level 3 . | . . . . . . . . . . . . . . . . . . . . . . Level 4 . | . . . . . . . . . . . . . . . . . . . . . . Level 5 . | . . . . . . . . . . . . . . . . . . . . . . High Security . | . . . . . . . . . . . . . . . . . . . . . . Max Security . | . . . . . . . . . . . . . . . . . . . . . . Squads Dispatched 27 | . 3 . . . 3 6 . 6 . . . . 5 . . . . 4 . . . Investigation 8 | . 1 . . . 2 1 . 3 . . . . 1 . . . . . . . . Extermination 13 | . . . . . . 3 . 3 . . . . 3 . . . . 4 . . . Reinforcement 5 | . 2 . . . 1 1 . . . . . . 1 . . . . . . . . Assault . | . . . . . . . . . . . . . . . . . . . . . . Garrison 1 | . . . . . . 1 . . . . . . . . . . . . . . . Intercept . | . . . . . . . . . . . . . . . . . . . . . . Construction Impeded . | . . . . . . . . . . . . . . . . . . . . . . Haulers Reinforced . | . . . . . . . . . . . . . . . . . . . . . . Stealth | -11 -10 -10 -10 -9 -8 -7 -7 -7 -7 -7 -7 -6 -6 -6 -6 -6 -5 -5 -5 -5 -5 --------- Run | Scr Mat Min Exi Min Mat Fac Was Fac Low Low Zio Pro Fac Low Low Dat Pro Fac Upp Upp War Distress Signals 9 | . . . . . 6 1 . 1 . . . . 1 . . . . . . . . Communications Jammed . | . . . . . . . . . . . . . . . . . . . . . . Distress Signals . | . . . . . . . . . . . . . . . . . . . . . . Times Spotted 183 | . 21 5 . 4 53 19 . 16 1 3 . 5 16 2 4 . 3 22 1 1 7 Peak Tracking Total 8 | . 3 3 . 2 8 4 . 3 3 1 . 4 3 3 4 . 3 2 1 1 5 Tactical Retreats 19 | . 1 . . . 11 1 . 2 1 . . . . . . . 1 1 . . 1 Traps | -11 -10 -10 -10 -9 -8 -7 -7 -7 -7 -7 -7 -6 -6 -6 -6 -6 -5 -5 -5 -5 -5 ------- Run | Scr Mat Min Exi Min Mat Fac Was Fac Low Low Zio Pro Fac Low Low Dat Pro Fac Upp Upp War Traps Triggered 13 | . 1 . . . . 6 . 4 . . . . 1 . . . . 1 . . . Indirectly . | . . . . . . . . . . . . . . . . . . . . . . Trap Hack Attempts . | . . . . . . . . . . . . . . . . . . . . . . Triggered . | . . . . . . . . . . . . . . . . . . . . . . Disarmed . | . . . . . . . . . . . . . . . . . . . . . . Reprogrammed . | . . . . . . . . . . . . . . . . . . . . . . Reused . | . . . . . . . . . . . . . . . . . . . . . . Traps Extracted . | . . . . . . . . . . . . . . . . . . . . . . Installed . | . . . . . . . . . . . . . . . . . . . . . . Triggered 14 | . . . . . . . . . . 1 . 1 . . . . . . . 1 11 Machines | -11 -10 -10 -10 -9 -8 -7 -7 -7 -7 -7 -7 -6 -6 -6 -6 -6 -5 -5 -5 -5 -5 ---------- Run | Scr Mat Min Exi Min Mat Fac Was Fac Low Low Zio Pro Fac Low Low Dat Pro Fac Upp Upp War Machines Disabled 15 | . . . . 8 . 4 . . 1 1 . . 1 . . . . . . . . Max in Single Turn 4 | . . . . 2 . 4 . . 1 1 . . . . . . . . . . . Garrison Access 12 | . . . . . 1 2 . 2 . . . . 3 . . . . 4 . . . Machines Sabotaged . | . . . . . . . . . . . . . . . . . . . . . . Garrisons Compromised . | . . . . . . . . . . . . . . . . . . . . . . Overloaded Fab Kills . | . . . . . . . . . . . . . . . . . . . . . . Fab Network Shutdowns 1 | . . . . . . . . 1 . . . . . . . . . . . . . Hacking | -11 -10 -10 -10 -9 -8 -7 -7 -7 -7 -7 -7 -6 -6 -6 -6 -6 -5 -5 -5 -5 -5 --------- Run | Scr Mat Min Exi Min Mat Fac Was Fac Low Low Zio Pro Fac Low Low Dat Pro Fac Upp Upp War Machines Accessed 114 | . 3 1 1 1 16 5 . 20 2 . . . 24 . . 4 . 27 1 1 8 Terminals 49 | . 3 1 . . 10 2 . 11 . . . . 12 . . . . 10 . . . Fabricators 13 | . . . . . . . . 4 . . . . 4 . . . . 5 . . . Repair Stations 8 | . . . . . 2 . . . . . . . 2 . . . . 4 . . . Recycling Units 5 | . . . . . 1 1 . 1 . . . . 1 . . . . 1 . . . Scanalyzers 7 | . . . . . 2 . . 1 . . . . 1 . . . . 3 . . . Garrison Access 14 | . . . . . 1 2 . 3 . . . . 4 . . . . 4 . . . Total Hacks 347 | . 10 2 1 1 64 9 . 58 2 . . . 81 . . 27 . 81 1 1 9 Successful 241 | . 9 2 1 1 43 7 . 31 2 . . . 53 . . 27 . 54 1 1 9 Failed 103 | . 1 . . . 20 2 . 27 . . . . 27 . . . . 26 . . . Catastrophic 5 | . . . . . 2 . . . . . . . 3 . . . . . . . . Database Lockouts 3 | . . . . . 1 . . . . . . . 1 . . . . 1 . . . Manual 119 | . 8 2 . . 18 5 . 19 . 1 1 . 28 . . . . 34 . . 3 Terminals 167 | . 10 2 . . 41 4 . 33 . . . . 45 . . . . 32 . . . Fabricators 51 | . . . . . . . . 14 . . . . 18 . . . . 19 . . . Repair Stations 21 | . . . . . 4 . . . . . . . 6 . . . . 11 . . . Recycling Units 14 | . . . . . 2 3 . 2 . . . . 2 . . . . 5 . . . Scanalyzers 29 | . . . . . 15 . . 3 . . . . 3 . . . . 8 . . . Garrison Access 23 | . . . . . 2 2 . 6 . . . . 7 . . . . 6 . . . Terminal Hacks 100 | . 4 1 1 1 13 2 . 10 2 . . . 19 . . 27 . 9 1 1 9 Record 21 | . . . 1 . . . . . . . . . 2 . . 11 . . . . 7 Part Schematic 15 | . . 1 . . . . . 3 . . . . 2 . . 8 . 1 . . . Robot Schematic 5 | . . . . . . . . . . . . . . . . 5 . . . . . Robot Analysis 6 | . 2 . . . 2 . . . . . . . 2 . . . . . . . . Prototype ID Bank 12 | . 1 . . . 4 . . . . . . . 2 . . 3 . 2 . . . Open Door 7 | . . . . 1 . . . . 2 . . . . . . . . . 1 1 2 Branch Access Points 3 | . . . . . 1 . . 1 . . . . 1 . . . . . . . . Terminal Index 2 | . . . . . . . . 1 . . . . 1 . . . . . . . . Fabricator Index 1 | . . . . . . . . 1 . . . . . . . . . . . . . Alert Level 6 | . . . . . 1 . . 1 . . . . 2 . . . . 2 . . . Unreport Threat 1 | . . . . . . 1 . . . . . . . . . . . . . . . Locate Traps 14 | . 1 . . . 3 1 . 3 . . . . 4 . . . . 2 . . . Hauler Manifests 2 | . . . . . 1 . . . . . . . 1 . . . . . . . . Zone Layout 5 | . . . . . 1 . . . . . . . 2 . . . . 2 . . . Fabricator Hacks 21 | . . . . . . . . 7 . . . . 8 . . . . 6 . . . Network Status 6 | . . . . . . . . 1 . . . . 4 . . . . 1 . . . Load Schematic 8 | . . . . . . . . 3 . . . . 2 . . . . 3 . . . Build 7 | . . . . . . . . 3 . . . . 2 . . . . 2 . . . Repair Station Hacks 17 | . . . . . 4 . . . . . . . 4 . . . . 9 . . . Scan Component 9 | . . . . . 2 . . . . . . . 2 . . . . 5 . . . Repair 8 | . . . . . 2 . . . . . . . 2 . . . . 4 . . . Recycling Unit Hacks 5 | . . . . . . 1 . 1 . . . . 1 . . . . 2 . . . Report Inventory 4 | . . . . . . 1 . 1 . . . . 1 . . . . 1 . . . Retrieve Components 1 | . . . . . . . . . . . . . . . . . . 1 . . . Scanalyzer 28 | . . . . . 15 . . 3 . . . . 3 . . . . 7 . . . Insert Component 13 | . . . . . 6 . . 1 . . . . 2 . . . . 4 . . . Analyze 15 | . . . . . 9 . . 2 . . . . 1 . . . . 3 . . . Garrison Access Hacks 12 | . . . . . 1 2 . 2 . . . . 3 . . . . 4 . . . Seal Access 12 | . . . . . 1 2 . 2 . . . . 3 . . . . 4 . . . Unauthorized Hacks 58 | . 5 1 . . 10 2 . 8 . . . . 15 . . . . 17 . . . Terminals 41 | . 5 1 . . 9 1 . 5 . . . . 8 . . . . 12 . . . Track 15 | . 1 1 . . 5 . . 1 . . . . 3 . . . . 4 . . . Assimilate 7 | . 1 . . . . . . 1 . . . . 1 . . . . 4 . . . Botnet 16 | . 2 . . . 2 1 . 3 . . . . 4 . . . . 4 . . . Operators 3 | . 1 . . . 2 . . . . . . . . . . . . . . . . Fabricators 12 | . . . . . . . . 2 . . . . 6 . . . . 4 . . . Prioritize 5 | . . . . . . . . 1 . . . . 2 . . . . 2 . . . Siphon 7 | . . . . . . . . 1 . . . . 4 . . . . 2 . . . Repair Stations . | . . . . . . . . . . . . . . . . . . . . . . Recycling Units 5 | . . . . . 1 1 . 1 . . . . 1 . . . . 1 . . . Recyclers 4 | . . . . . . 1 . 1 . . . . 1 . . . . 1 . . . Tunnel 1 | . . . . . 1 . . . . . . . . . . . . . . . . Scanalyzers . | . . . . . . . . . . . . . . . . . . . . . . Garrison Access . | . . . . . . . . . . . . . . . . . . . . . . Data Cores Recovered . | . . . . . . . . . . . . . . . . . . . . . . Used . | . . . . . . . . . . . . . . . . . . . . . . Hacking Detections 74 | . 3 1 . . 14 3 . 17 . . . . 14 . . . . 22 . . . Full Trace Events 5 | . . . . . 1 . . 3 . . . . 1 . . . . . . . . Feedback Events . | . . . . . . . . . . . . . . . . . . . . . . Feedback Blocked . | . . . . . . . . . . . . . . . . . . . . . . Robot Schematics Acquired 5 | . . . . . . . . . . . . . . . . 5 . . . . . Robots Built . | . . . . . . . . . . . . . . . . . . . . . . Matter . | . . . . . . . . . . . . . . . . . . . . . . Time . | . . . . . . . . . . . . . . . . . . . . . . Total Robot Build Rating . | . . . . . . . . . . . . . . . . . . . . . . Part Schematics Acquired 25 | . . 1 . . 5 . . 4 . . . . 3 . . 8 . 4 . . . Parts Built 8 | . . . . . . . . 4 . . . . 2 . . . . 2 . . . Matter 1248 | . . . . . . . . 371 . . . . 426 . . . . 451 . . . Time 704 | . . . . . . . . 79 . . . . 304 . . . . 321 . . . Total Part Build Rating 45 | . . . . . . . . 24 . . . . 10 . . . . 11 . . . Parts Repaired 8 | . . . . . 2 . . . . . . . 2 . . . . 4 . . . Time 359 | . . . . . 151 . . . . . . . 62 . . . . 146 . . . Parts Recycled . | . . . . . . . . . . . . . . . . . . . . . . Recycled Matter . | . . . . . . . . . . . . . . . . . . . . . . Retrieved Matter . | . . . . . . . . . . . . . . . . . . . . . . Retrieved Components 10 | . . . . . . . . . . . . . . . . . . 10 . . . Parts Scanalyzed 11 | . . . . . 6 . . 1 . . . . 1 . . . . 3 . . . Part Schematics Acquired 10 | . . . . . 5 . . 1 . . . . 1 . . . . 3 . . . Parts Damaged 2 | . . . . . 1 . . . . . . . . . . . . 1 . . . Bothacking | -11 -10 -10 -10 -9 -8 -7 -7 -7 -7 -7 -7 -6 -6 -6 -6 -6 -5 -5 -5 -5 -5 ------------ Run | Scr Mat Min Exi Min Mat Fac Was Fac Low Low Zio Pro Fac Low Low Dat Pro Fac Upp Upp War Used RIF Installer . | . . . . . . . . . . . . . . . . . . . . . . Robots Hacked . | . . . . . . . . . . . . . . . . . . . . . . Non-combat . | . . . . . . . . . . . . . . . . . . . . . . Combat . | . . . . . . . . . . . . . . . . . . . . . . Robot Hacks Applied . | . . . . . . . . . . . . . . . . . . . . . . Relay Couplers Released 3 | . . . . . . . . . . . . . 3 . . . . . . . . Programmers 3 | . . . . . . . . . . . . . 3 . . . . . . . . Robots Rewired 4 | . . . . . . . . . . . . . . . . . . . . . 4 Allies Hacked . | . . . . . . . . . . . . . . . . . . . . . . Hacks Repelled . | . . . . . . . . . . . . . . . . . . . . . . Allies | -11 -10 -10 -10 -9 -8 -7 -7 -7 -7 -7 -7 -6 -6 -6 -6 -6 -5 -5 -5 -5 -5 -------- Run | Scr Mat Min Exi Min Mat Fac Was Fac Low Low Zio Pro Fac Low Low Dat Pro Fac Upp Upp War Total Allies 10 | . 1 . . . . . . . . . 2 . . . . . 1 2 . . 4 Largest Group 4 | . 1 1 1 1 1 . . . . . 2 2 2 . . . 1 1 . . 4 Highest-Rated Group 188 | . 10 10 10 10 10 . . . . . 188 188 188 . . . 94 94 . . 174 Highest-Rated Ally 94 | . 10 10 10 10 10 . . . . . 94 94 94 . . . 94 94 . . 46 Total Orders 20 | . . . . . 18 . . . . . . . . . . . . 2 . . . STAY 1 | . . . . . . . . . . . . . . . . . . 1 . . . FOLLOW 1 | . . . . . . . . . . . . . . . . . . 1 . . . EXPLORE 18 | . . . . . 18 . . . . . . . . . . . . . . . . Ally Attacks 184 | . . . . . 81 . . . . . . 23 53 . . . 5 15 . . 7 Total Damage 3669 | . . . . . 315 . . . . . . 643 1716 . . . 194 525 . . 276 Kills 26 | . . . . . 6 . . . . . . 6 13 . . . . 1 . . . Allies Corrupted . | . . . . . . . . . . . . . . . . . . . . . . Allies Melted . | . . . . . . . . . . . . . . . . . . . . . . Intel | -11 -10 -10 -10 -9 -8 -7 -7 -7 -7 -7 -7 -6 -6 -6 -6 -6 -5 -5 -5 -5 -5 ------- Run | Scr Mat Min Exi Min Mat Fac Was Fac Low Low Zio Pro Fac Low Low Dat Pro Fac Upp Upp War Robot Analysis Total 6 | . 2 . . . 2 . . . . . . . 2 . . . . . . . . Derelict Logs Recovered 11 | . . 1 . 2 . . . . . 1 . 1 . 1 2 . 2 . . 1 . Drone Launches 17 | . . . . . 17 . . . . . . . . . . . . . . . . Drone Recoveries 14 | . . . . . 14 . . . . . . . . . . . . . . . . Decoded 0b10 Intel 138 | . . . . . . . . . . . . . 61 . . . . 77 . . . Traps 12 | . . . . . . . . . . . . . 7 . . . . 5 . . . Emergency Access 15 | . . . . . . . . . . . . . 7 . . . . 8 . . . Items 92 | . . . . . . . . . . . . . 35 . . . . 57 . . . Machines 3 | . . . . . . . . . . . . . 3 . . . . . . . . Patrols 5 | . . . . . . . . . . . . . 5 . . . . . . . . Guards 9 | . . . . . . . . . . . . . 3 . . . . 6 . . . Exits 2 | . . . . . . . . . . . . . 1 . . . . 1 . . . Exploration | -11 -10 -10 -10 -9 -8 -7 -7 -7 -7 -7 -7 -6 -6 -6 -6 -6 -5 -5 -5 -5 -5 ------------- Run | Scr Mat Min Exi Min Mat Fac Was Fac Low Low Zio Pro Fac Low Low Dat Pro Fac Upp Upp War Turns Passed 28122 | 93 1062 271 297 307 3412 2738 197 1957 838 2729 832 489 3472 461 775 64 520 4440 1124 1140 904 Spaces Moved 21335 | 17 528 142 161 165 1215 1622 391 2498 1083 1103 1095 580 2605 587 778 95 668 3343 699 942 1018 Core 1 | . . . . . . . . . . . . . . . . . . 1 . . . Treads 1133 | . 504 142 161 165 161 . . . . . . . . . . . . . . . . Legs 2017 | 17 . . . . 1054 946 . . . . . . . . . . . . . . . Wheels 501 | . 24 . . . . 477 . . . . . . . . . . . . . . . Hover 17683 | . . . . . . 199 391 2498 1083 1103 1095 580 2605 587 778 95 668 3342 699 942 1018 Flight . | . . . . . . . . . . . . . . . . . . . . . . Fastest Speed 48 | 120 90 180 180 160 156 48 48 48 58 58 58 68 68 68 68 68 68 68 68 68 53 Average Speed 79 | 120 156 180 180 171 161 135 48 51 58 58 65 68 68 68 68 68 68 69 68 68 58 Slowest Speed 1400 | 120 160 180 180 180 220 168 53 116 58 58 68 68 68 68 68 68 68 1400 68 68 125 Overloaded Moves . | . . . . . . . . . . . . . . . . . . . . . . Propulsion Burnouts . | . . . . . . . . . . . . . . . . . . . . . . Robots Hopped . | . . . . . . . . . . . . . . . . . . . . . . Cave-ins Triggered . | . . . . . . . . . . . . . . . . . . . . . . Exploration Rate (%) 67 | 3 81 18 54 44 97 35 94 58 93 87 85 72 52 69 75 75 75 60 87 73 94 Regions Visited 21 Branch Regions 14 Pre-discovered Areas 8 | . . . 1 . 1 . . . . . 2 1 . . 1 1 1 . . . . Known Exits Taken 14 | . . . . . 1 . . 1 1 1 1 1 1 1 1 1 1 1 1 1 . Unknown Exits Taken 5 | 1 1 1 1 1 . . . . . . . . . . . . . . . . . Scrap Searched 27 | . . . . . . . . . 2 3 5 1 . 2 10 . . . 3 1 . Spaces Dug 146 | . . . . . 2 16 . 18 4 19 . . 28 3 2 . 10 44 . . . Terrain Destroyed 368 | . . 44 . 51 9 41 . 18 4 56 . . 28 11 29 . 12 44 21 . . Melee 111 | . . . . . 2 16 . 18 4 3 . . 22 3 2 . 2 39 . . . Projectile 19 | . . . . . . . . . . . . . 6 . . . 8 5 . . . AOE 238 | . . 44 . 51 7 25 . . . 53 . . . 8 27 . 2 . 21 . . Terrain Rammed . | . . . . . . . . . . . . . . . . . . . . . . Walls Destroyed . | . . . . . . . . . . . . . . . . . . . . . . Machines Disabled . | . . . . . . . . . . . . . . . . . . . . . . Actions | -11 -10 -10 -10 -9 -8 -7 -7 -7 -7 -7 -7 -6 -6 -6 -6 -6 -5 -5 -5 -5 -5 --------- Run | Scr Mat Min Exi Min Mat Fac Was Fac Low Low Zio Pro Fac Low Low Dat Pro Fac Upp Upp War Total 31652 | 79 660 151 169 179 2489 2070 398 3072 1278 3177 1212 673 4234 638 1001 94 709 5279 1330 1430 1330 Wait 9264 | 56 32 . 9 . 1064 291 . 475 183 2056 86 90 1547 38 206 . 20 1765 613 473 260 Move 21315 | 16 527 141 160 164 1214 1622 390 2497 1082 1102 1094 579 2604 586 777 94 667 3342 698 941 1018 Hop . | . . . . . . . . . . . . . . . . . . . . . . Pick Up 115 | . 13 1 . 1 30 9 2 5 3 1 12 1 9 . 3 . . 15 1 3 6 Fast Attach 47 | 1 1 . . . 9 4 . 12 . 1 4 . 2 3 . . . 8 1 . 1 Attach 42 | . 1 . . 2 11 10 . 3 . . 1 . 3 2 2 . . 5 1 . 1 Detach 18 | . 1 . . . 4 5 . 2 1 . 1 . . 1 . . . 1 1 . 1 Swap 130 | 1 11 1 . . 12 29 1 12 2 6 6 2 11 1 1 . 1 23 4 5 1 Drop 145 | . 10 1 . 1 36 26 4 13 . 2 8 1 8 2 . . . 19 1 2 11 Fire 205 | 5 60 7 . 10 70 12 . . . 5 . . 9 1 3 . 17 5 1 . . Melee 307 | . . . . . 38 42 1 53 7 4 . . 35 4 9 . 3 96 9 6 . Ram . | . . . . . . . . . . . . . . . . . . . . . . Kick 1 | . . . . . 1 . . . . . . . . . . . . . . . . Crush 5 | . 4 . . 1 . . . . . . . . . . . . . . . . . Escape Stasis 26 | . . . . . . 20 . . . . . . 6 . . . . . . . . Rewire 32 | . . . . . . . . . . . . . . . . . 1 . . . 31 Trap . | . . . . . . . . . . . . . . . . . . . . . . Miscellaneous . | . . . . . . . . . . . . . . . . . . . . . . Route ------- -11/Scrapyard -10/Materials (discovered 4 exits: [*Mat x2] / *Min x2) -10/Mines (discovered 2 exits: [*Mat] / *Exi) -10/Exiles -9/Mines -8/Materials (discovered 3 exits: *Fac x3) -7/Factory -7/Waste -7/Factory (discovered 3 exits: *Fac / *Low x2) -7/Lower Caves -7/Lower Caves (discovered 2 exits: *Fac / *Zio) -7/Zion -6/Proximity Caves -6/Factory (discovered 4 exits: *Fac x2 / *Low x2) -6/Lower Caves -6/Lower Caves (discovered 2 exits: *Fac / *Dat) -6/Data Miner -5/Proximity Caves -5/Factory (discovered 7 exits: *Fac x3 / *Upp x2 / *Ext x2) -5/Upper Caves -5/Upper Caves (discovered 2 exits: *Fac / *War) -5/Warlord (discovered 1 exit: *Pro) History --------- Turn | Location | Event 54 | -11/Scrapyard | Discovered new exit (range 2) 94 | -11/Scrapyard | Entered Materials 109 | -10/Materials | Discovered new exit (range 6) 338 | -10/Materials | Build established: Mutant 496 | -10/Materials | Discovered new exit (range 6) 623 | -10/Materials | Discovered new exit (range 6) 1026 | -10/Materials | Discovered new exit (range 6) 1156 | -10/Materials | Entered Mines 1156 | -10/Mines | Accompanied by 1 ally 1162 | -10/Mines | Discovered new exit (range 7) 1177 | -10/Mines | Build established: Scavenger-Mutant 1223 | -10/Mines | Deemed a non-threat by the Exiles lab entrance 1225 | -10/Mines | Discovered new exit (range 5) 1312 | -10/Mines | Learned Materials trap positions 1334 | -10/Mines | Found a damaged Exp. Sensor Array with a note attached 1338 | -10/Mines | Found Prototype Device 1427 | -10/Mines | Entered Exiles 1427 | -10/Exiles | Accompanied by 1 ally 1472 | -10/Exiles | Met 8R-AWN 1503 | -10/Exiles | Met EX-HEX 1588 | -10/Exiles | Met EX-DEC 1636 | -10/Exiles | Learned location of Zion (-7) 1692 | -10/Exiles | Discovered new exit (range 14) 1724 | -10/Exiles | Entered Mines 1724 | -9/Mines | Accompanied by 1 ally 1732 | -9/Mines | Learned 2 Materials zone layouts 1845 | -9/Mines | Learned 2 Materials zone layouts 1851 | -9/Mines | Found the Drone Emporium 1858 | -9/Mines | Found Prototype Device 1942 | -9/Mines | Lost 3 parts (1p2w) 2015 | -9/Mines | Discovered new exit (range 5) 2031 | -9/Mines | Entered Materials 2031 | -8/Materials | Accompanied by 1 ally 2031 | -8/Materials | Evolved 4 slots: Propulsion x1, Utility x3 2032 | -8/Materials | Identified exit to Factory 2032 | -8/Materials | Identified Exp. Sensor Array 2033 | -8/Materials | Loaded intel: 22 trap records 2033 | -8/Materials | Identified Thief Drone Bay 2328 | -8/Materials | Build established: Hauler-Mutant 4264 | -8/Materials | Repaired Broken Exp. Sensor Array 4562 | -8/Materials | Discovered exit to Factory (range 12) 4661 | -8/Materials | Central database locked down 5363 | -8/Materials | Repaired Imp. Assault Rifle 5383 | -8/Materials | Discovered exit to Factory (range 8) 5443 | -8/Materials | Entered Factory 5443 | -7/Factory | Evolved 2 slots: Propulsion x1, Utility x1 7889 | -7/Factory | Discovered new exit (range 9) 7899 | -7/Factory | Identified exit to Lower Caves 8137 | -7/Factory | Garrison activated, responded to threat 8181 | -7/Factory | Sucked down chute 8181 | -7/Factory | Entered Waste 8181 | -7/Waste | The area was eerily silent 8232 | -7/Waste | Discovered new exit (range 13) 8325 | -7/Waste | Found Damper Plating 8345 | -7/Waste | Build established: Mutant 8378 | -7/Waste | Identified exit to Factory 8378 | -7/Waste | Entered Factory 8961 | -7/Factory | Build established: Hacker-Mutant 9582 | -7/Factory | Discovered new exit (range 9) 9711 | -7/Factory | Fabricated Cmb. Gravmag System? 9854 | -7/Factory | Fabricated Cmb. Gravmag System? 10157 | -7/Factory | Local fabrication network quarantined 10335 | -7/Factory | Entered Lower Caves 10647 | -7/Lower Caves | Encountered a Warlord checkpoint 10757 | -7/Lower Caves | Found Prototype Device 11114 | -7/Lower Caves | Discovered new exit (range 11) 11132 | -7/Lower Caves | Identified exit to Lower Caves 11173 | -7/Lower Caves | Entered another Lower Caves area 11252 | -7/Lower Caves | Discovered new exit (range 4) 11253 | -7/Lower Caves | Identified exit to Factory 11564 | -7/Lower Caves | Build established: Scout 11758 | -7/Lower Caves | Encountered a Warlord checkpoint 13704 | -7/Lower Caves | Spotted B-75 Beast 13724 | -7/Lower Caves | Learned Factory garrison access intel 13865 | -7/Lower Caves | Acquired the password to a Derelict Tinkerer's latest research 13871 | -7/Lower Caves | Found Prototype Special Weapon 13896 | -7/Lower Caves | Discovered new exit (range 9) 13901 | -7/Lower Caves | Identified exit to Zion 13902 | -7/Lower Caves | Entered Zion 13929 | -7/Zion | Discovered new exit (range 13) 13937 | -7/Zion | Identified exit to Proximity Caves 14170 | -7/Zion | Given A8's code to call for help 14347 | -7/Zion | Given the Hacking Drone Bay 14348 | -7/Zion | Found Prototype Device 14348 | -7/Zion | Identified Hacking Drone Bay 14356 | -7/Zion | Found CR-A16's Pointy Stick 14469 | -7/Zion | Build established: Derelict-Mutant 14536 | -7/Zion | Enhanced Grunt warped into view, answering call for help 14546 | -7/Zion | Enhanced Grunt warped into view, answering call for help 14734 | -7/Zion | Entered Proximity Caves 14734 | -6/Proximity Caves | Accompanied by 2 allies 14974 | -6/Proximity Caves | Received a Behemoth hack from an annoying Tinkerer 15167 | -6/Proximity Caves | Discovered exit to Factory (range 7) 15223 | -6/Proximity Caves | Entered Factory 15223 | -6/Factory | Accompanied by 2 allies 15223 | -6/Factory | Evolved 2 slots: Utility x2 15224 | -6/Factory | Loaded intel: 4 garrison access locations 15769 | -6/Factory | Repaired Exp. Sensor Array 15871 | -6/Factory | Fabricated Exp. Sensor Array (x1) 16206 | -6/Factory | Build established: Hacker-Mutant 17613 | -6/Factory | Identified exit to Factory 17838 | -6/Factory | Discovered exit to Factory (range 11) 17885 | -6/Factory | Identified exit to Lower Caves 18042 | -6/Factory | Identified Molecular Deconstructor 18147 | -6/Factory | Central database locked down 18437 | -6/Factory | Fabricated Exp. Signal Interpreter (x1) 18546 | -6/Factory | Repaired Proton Missile Launcher 18695 | -6/Factory | Entered Lower Caves 19028 | -6/Lower Caves | Learned location of 1 exit from Proximity Caves 19069 | -6/Lower Caves | Discovered new exit (range 9) 19074 | -6/Lower Caves | Identified exit to Lower Caves 19126 | -6/Lower Caves | Found Alien Artifact 19126 | -6/Lower Caves | Identified Core Expander 19126 | -6/Lower Caves | Installed Core Expander, added new Weapon slot 19156 | -6/Lower Caves | Entered another Lower Caves area 19438 | -6/Lower Caves | Discovered exit to Factory (range 9) 19592 | -6/Lower Caves | Learned location of Extension (-5) 19711 | -6/Lower Caves | Learned 4 Factory zone layouts 19736 | -6/Lower Caves | Encountered a Warlord checkpoint 19824 | -6/Lower Caves | Discovered new exit (range 14) 19835 | -6/Lower Caves | Identified exit to Data Miner 19931 | -6/Lower Caves | Entered Data Miner 19931 | -6/Data Miner | Discovered new exit (range 6) 19945 | -6/Data Miner | Met Data Miner 19966 | -6/Data Miner | Learned location of Section 7 (-2) 19966 | -6/Data Miner | Acquired the access code to Warlord's prototype stash 19980 | -6/Data Miner | Received God Mode back door access code from Data Miner 19994 | -6/Data Miner | Identified exit to Proximity Caves 19995 | -6/Data Miner | Entered Proximity Caves 20090 | -5/Proximity Caves | Escorted by Enhanced Grunt 20177 | -5/Proximity Caves | Learned Factory interactive machine intel 20515 | -5/Proximity Caves | Entered Factory 20515 | -5/Factory | Accompanied by 1 ally 20515 | -5/Factory | Evolved 2 slots: Utility x2 20516 | -5/Factory | Identified exit to Upper Caves 20516 | -5/Factory | Identified exit to Factory 20517 | -5/Factory | Loaded intel: 48 interactive machine locations 20764 | -5/Factory | Discovered exit to Factory (range 6) 20828 | -5/Factory | Repaired Greatsword 21276 | -5/Factory | Identified exit to Extension 21772 | -5/Factory | Central database locked down 21864 | -5/Factory | Fabricated Exp. Propulsion Shielding? 22706 | -5/Factory | Discovered exit to Factory (range 12) 22773 | -5/Factory | Repaired Exp. Propulsion Shielding 22849 | -5/Factory | Repaired Greatsword 23074 | -5/Factory | Fabricated Kinetic Spear (x1) 23876 | -5/Factory | Repaired Exp. Propulsion Shielding 24076 | -5/Factory | Discovered exit to Extension (range 16) 24578 | -5/Factory | Discovered exit to Upper Caves (range 5) 24955 | -5/Factory | Entered Upper Caves 26067 | -5/Upper Caves | Discovered new exit (range 8) 26079 | -5/Upper Caves | Identified exit to Upper Caves 26079 | -5/Upper Caves | Entered another Upper Caves area 26101 | -5/Upper Caves | Discovered exit to Factory (range 13) 27034 | -5/Upper Caves | Learned Factory stockpile data 27062 | -5/Upper Caves | Discovered new exit (range 8) 27066 | -5/Upper Caves | Identified exit to Warlord 27219 | -5/Upper Caves | Entered Warlord 27239 | -5/Warlord | Discovered new exit (range 8) 27246 | -5/Warlord | Identified exit to Proximity Caves 27459 | -5/Warlord | Met Warlord 27466 | -5/Warlord | Opened Warlord's prototype stash 27469 | -5/Warlord | Found Prototype Reactor 27474 | -5/Warlord | Warlord's base attacked by MAIN.C 27737 | -5/Warlord | Found Prototype Piercing Weapon 27740 | -5/Warlord | Found Prototype Launcher 27744 | -5/Warlord | Found Prototype Piercing Weapon 27824 | -5/Warlord | Warlord forces counterattacked 27937 | -5/Warlord | Opened side exit 28068 | -5/Warlord | Spotted Executioner 28123 | -5/Warlord | Self-destructed Last Messages --------------- 28064_ ANNOUNCEMENT: MAIN.C reinforcements approaching through caves, arriving soon. 28074_ ANNOUNCEMENT: Detected 2 Grunt squads, 2 Saboteur squads, with prototype support. 28074_ Slug penetrates Executioner. 28074_ Slug penetrates Wall. 28075_ Slug penetrates Executioner. 28081_ Slayer 6a destroyed. 28103_ PX-4YJ(g) destroyed. 28107_ The unstable cave ceiling collapses. 28110_ TO-P0O(l) destroyed. 28110_ Deuterium Array explodes. 28110_ Angular Momentum Engine destroyed. 28112_ Fusion Compressor destroyed. 28112_ Exp. Sensor Array destroyed. 28112_ D-63 Destroyer destroyed. 28114_ The unstable cave ceiling collapses. 28121_ Penetrated by Slug. 28121_ Slug penetrates Earth. 28123_ The unstable cave ceiling collapses. Map ----- +----------------------------------------------------+ | #?# ## # + ^ | | #?###### # # # "" """""""" | | #??????# """" #! # # "" """""""" | | #??????# """" + # # "" "####### | | #??????# """" # #### #######""#####?????? | | #??????# """" # #?????#""#?????????? | | ##??????########### #?????#""#?????????? | | ?????????????# #??????""??????????? | | ????########## """ ##?????????????????? | | ????# # """ #?????????????????? | | #???# # """ #?????????????????? | | #???# # #?????????????????? | | #???# # #?????????????????? | | #???# + ###### #?????????????????? | | #???# [[ # #????# ### ###?????????????????? | | #???# [ ] + #????# ### ###?????????????????# | | #???# ]] ## ###?#### #+# ###??????????????## | | #???# ####???# # #??????????????# | | ##############??????## #??????????????# | | ##"""""#???????????## ##?????????????# | | ##"""""#???????????# [%= #?????????????## | | ##" "#?????????### ## #??????????????? | | ##"" ""#????????## ### ##?????????????? | | ##"" X#???????## % #?????????????? | | ?# #??????## ##?????????????? | | ######+###????# @ #??????????????? | | ###### d #??????????????? | | + #??????????????? | | ###### ##????###????##?? | | ######+###????# ########X##### ### | | ????# ?????# b ^=% | | #??#"""" ???# i E | | #??#" #?# # ################### ### | | #??#" "#?# ####?????????????????####?? | | #??#" "#?##########?????????????????????????? | | #??#"""""""#????????????????????????????????????? | | #???########????????????????????????????????????? | | ?????????????????????????????????????????????????? | | | | | | | | | | | | | | | | | | | | | | | | | +----------------------------------------------------+ Best States ------------- Heat Dissipation 41 Energy Generation 21 Energy Capacity 325 Matter Stores 300 Matter Capacity 300 Sight Range 16 Robot Scan Range 30 Terrain Scan Range 20 Terrain Scan Density 10 Jamming Range 14 Cloak Strength 2 Armor Coverage 600 Resistance: KI 30 Resistance: EM 25 Core Shielding 20 Propulsion Shielding 90 Evasion (%) 55 Recoil Reduction 3 Offensive Hacking 26 Defensive Hacking 14 Item Schematics ----------------- Hcp. Storage Unit | -10/Mines | Hacked Exp. Sensor Array | -8/Materials | Scanalyzed Katana | -8/Materials | Scanalyzed Great Axe | -8/Materials | Scanalyzed Adv. Signal Interpreter | -8/Materials | Scanalyzed Imp. Grenade Launcher | -8/Materials | Scanalyzed Cmb. Gravmag System | -7/Factory | Scanalyzed Power Sword | -7/Factory | Hacked Greatsword | -7/Factory | Hacked Antigrav System | -7/Factory | Hacked Exp. Signal Interpreter | -6/Factory | Hacked Imp. Hacking Suite | -6/Factory | Scanalyzed Neutrino Core | -6/Factory | Hacked Combat Drone Bay | -6/Data Miner | Free Lgt. Regenerative Plating | -6/Data Miner | Free Exp. Flexi-carbon Leg | -6/Data Miner | Free Triangulator | -6/Data Miner | Free Exp. Terrain Scanner | -6/Data Miner | Free Tactical Coordination Suite | -6/Data Miner | Free Mni. Smartbomb Launcher | -6/Data Miner | Free Kinetic Spear | -6/Data Miner | Free Fusion Compressor | -5/Factory | Scanalyzed Exp. Propulsion Shielding | -5/Factory | Hacked Field Propulsion Drive | -5/Factory | Scanalyzed Proton Missile Launcher | -5/Factory | Scanalyzed Robot Schematics ------------------ S-27 Virus | -6/Data Miner | Free G-50 Soldier | -6/Data Miner | Free L-41 Fighter | -6/Data Miner | Free P-70 Sage | -6/Data Miner | Free I-36 Angel | -6/Data Miner | Free Fabricated ------------ Cmb. Gravmag System | x2 | -7/Factory Cmb. Gravmag System | x2 | -7/Factory Exp. Sensor Array | x1 | -6/Factory Exp. Signal Interpreter | x1 | -6/Factory Exp. Propulsion Shielding | x1 | -5/Factory Kinetic Spear | x1 | -5/Factory Alien Tech Used ----------------- Core Expander Achievements -------------- None Challenges ------------ None Game ------ Seed SiegeMiningInverter Manual? 0 Play Time 03:32:13 Cumulative 255.3 hours Start 2021.01.26 @ 23:46:55 End 2021.01.28 @ 03:13:24 Sessions 9 Manual Loads 0 Difficulty Rogue Special Mode None Game No. 177 Rogue 177 Adventurer 0 Explorer 0 Win Type - Total 6 Types 6/0/0/0/0/0/0/0/0 Lore% 58 Gallery% 65 Achievement% 49 Wizard Run 0 Options --------- ASCII 1 Keyboard 1 Movement Arrows Keybinds 0 Fullscreen 1 Font 24/Proggy Map View 76x50 Tactical HUD 1 Map Filters NONE Filters NONE Steam 1 RUN: b97ed5dc-a348-44b6-9b0c-26cf7b5f4800